 Dungeon Crawl Stone Soup version 0.30-a0-359-gd0147acb1a (webtiles) character file.

Game seed: 16952341494133781064

81 Maxmaps the Shield-Bearer (level 4, 0/35 HPs)
             Began as a Formicid Fighter on Nov 11, 2022.
             Frozen to death by an endoplasm (4 damage)
             ... on level 3 of the Dungeon.
             The game lasted 00:01:38 (2317 turns).

Maxmaps the Shield-Bearer (Formicid Fighter)        Turns: 2317, Time: 00:01:39

Health: 0/35       AC:  6    Str: 22    XL:     4   Next: 68%
Magic:  4/4        EV:  9    Int:  8    God:
Gold:   139        SH:  5    Dex: 13    Spells: 3/3 levels left

rFire   . . .      SeeInvis +    a - +0 long sword
rCold   . . .      Faith    .    c - +0 buckler
rNeg    . . .      Spirit   .    b - +0 scale mail
rPois   .          Reflect  .    (helmet unavailable)
rElec   .          Harm     .    (no cloak)
rCorr   .          Rampage  .    (no gloves)
Will    .....                    (no boots)
Stlth   ..........               (no amulet)
HPRegen 0.25/turn                (no ring)
MPRegen 0.09/turn                (no ring)

@: no status effects
A: permanent stasis, dig shafts and tunnels, antennae 3, four strong arms
a: Dig, Shaft Self


You were on level 3 of the Dungeon.
You visited 1 branch of the dungeon, and saw 3 of its levels.

You collected 139 gold pieces.

Inventory:

Hand Weapons
 a - a +0 long sword (weapon)
Armour
 b - a +0 scale mail (worn)
 c - a +0 buckler (worn)
Jewellery
 g - a ring of poison resistance
Wands
 k - a wand of roots (10)
Scrolls
 e - 2 scrolls of blinking {unknown}
 i - 2 scrolls of butterflies {unknown}
Potions
 d - a potion of might
 f - a potion of mutation {unknown}
 h - a potion of heal wounds {unknown}
 j - a potion of cancellation {unknown}
 l - a potion of curing {unknown}
 m - a potion of brilliance {unknown}


   Skills:
 - Level 3.2 Fighting
 + Level 3.9(4.1) Short Blades
 - Level 2.0(3.2) Long Blades
 - Level 3.2 Armour
 - Level 4.0 Shields


You had 3 spell levels left.
You didn't know any spells.
Your spell library contained the following spells:

 Spells                   Type           Power      Damage    Failure   Level
 Freeze                   Ice            0%         1d3       80%         1
 Frozen Ramparts          Ice            0%         1d1       99%         3
 Gell's Gravitas          Tloc           0%         N/A       99%         3
 Hailstorm                Conj/Ice       0%         3d3       99%         3
 Teleport Other           Tloc           0%         N/A       99%         3
 Dispersal                Tloc           0%         N/A       100%        6


Dungeon Overview and Level Annotations

Branches:
Dungeon (3/15)

Altars:

Annotations:
D:3 Ijyb


Innate Abilities, Weirdness & Mutations

You cannot be hasted, slowed, berserked, paralysed or teleported.
You can dig through walls and to a lower floor.
You have a pair of large antennae on your head. (SInv)
Your four strong arms can wield two-handed weapons with a shield.


Message History

You are too injured to fight recklessly!
You are too injured to fight recklessly!
You are too injured to fight recklessly!
You are too injured to fight recklessly!
You are too injured to fight recklessly!
You are too injured to fight recklessly!
You are too injured to fight recklessly!
You are too injured to fight recklessly!
Unknown command.
You hit Ijyb but do no damage.
Ijyb is lightly wounded.
Ijyb completely misses you. The endoplasm closely misses you.
You barely miss Ijyb.
Ijyb is lightly wounded.
The endoplasm freezes you.
You are frozen.
You block Ijyb's attack.
You hit Ijyb.
Ijyb is lightly wounded.
Ijyb hits you but does no damage.
The endoplasm hits you but does no damage.
You hit Ijyb.
Ijyb is heavily wounded.
Ijyb hits you but does no damage. You block the endoplasm's attack.
The endoplasm hits you. Ijyb hits you with a +4 club.
* * * LOW HITPOINT WARNING * * *
You hit Ijyb.
Ijyb is severely wounded.
Ijyb hits you with a +4 club.
* * * LOW HITPOINT WARNING * * *
You block the endoplasm's attack.
You hit Ijyb.
Ijyb is severely wounded.
The endoplasm barely misses you. Ijyb hits you with a +4 club.
* * * LOW HITPOINT WARNING * * *
You barely miss Ijyb.
Ijyb is severely wounded.
Ijyb closely misses you. The endoplasm barely misses you.
The endoplasm freezes you.
You are frozen.
You die...

#.###...<.#.##
#..<.....#
#............#
#..###.....#
#..#####)#...### ##....#
#............... #...##
##.#####.#.##### #.###
.#.#####.#.# .##
.#..)......# #
.#######...########.####
.# #...†....@g......
.### #.#.#.....J.$####
...#####.#.########.#
##.......#.# #
##########.#
...#######.#
##.........# ###########


You could see Ijyb and an endoplasm.

Vanquished Creatures
  3 adders
  A worm (D:3)
  A dart slug (D:1)
  An orc (D:3)
  4 endoplasms
  3 giant cockroaches
  4 goblins
  7 hobgoblins
  2 quokkas
  4 ball pythons
  5 bats
  4 frilled lizards
  4 kobolds
  3 rats
46 creatures vanquished.

Notes
Turn   | Place    | Note
-------+----------+-------------------------------------------
     0 | D:1      | Maxmaps the Formicid Fighter began the quest for the Orb.
     0 | D:1      | Reached XP level 1. HP: 18/18 MP: 1/1
    34 | D:1      | Reached skill level 1 in Short Blades
   136 | D:1      | Reached XP level 2. HP: 24/24 MP: 2/2
   567 | D:1      | Reached XP level 3. HP: 29/29 MP: 3/3
  1572 | D:2      | Reached XP level 4. HP: 28/35 MP: 4/4
  2301 | D:3      | Noticed Ijyb
  2317 | D:3      | Frozen to death by an endoplasm

Illustrated notes

Levels and vault maps discovered:
D:1:      ncdulo_lavacross, layout_basic
D:2:      layout_loops_corners, kennysheep_generic_room_14
D:3:      layout_loops_ring, uniq_ijyb, uniq_pargi

Skill      XL: |  1  2  3 |
---------------+----------+-----
Short Blades   | 1 2 3 |  3.9
Fighting       | |  3.2
Long Blades    | |  2.0
Armour         | |  3.2
Shields        | |  4.0

Action                   |  1- 3 |  4- 6 || total
-------------------------+-------+-------++-------
Melee: Long sword        |   114 |    57 ||   171
Armor: Scale mail        |    54 |    21 ||    75
Dodge: Dodged            |    49 |    27 ||    76
Block: Buckler           |    25 |    17 ||    42

Table legend: (Time is in decaauts)
 A = Elapsed time spent in this place.
 B = Non-inter-level travel time spent in this place.
 C = Inter-level travel time spent in this place.
 D = Time resting spent in this place.
 E = Time spent auto-exploring this place.
 F = Levels seen in this place.
 G = Mean time per level.
                   A        B        C        D        E       F      G
               +--------+--------+--------+--------+--------+-----+--------+
         Total |   2368 |   2311 |     57 |      0 |   1916 |   3 |  789.3 |
       Dungeon |   2368 |   2311 |     57 |      0 |   1916 |   3 |  789.3 |
               +--------+--------+--------+--------+--------+-----+--------+

Top non-repeatable levels by time:
     D:2: 984 daAuts
     D:1: 964 daAuts
     D:3: 419 daAuts
